Map: Lost and Found LE

Players

Cheddar - Winner!

  • Race: Terran Terran
  • League: Diamond
  • Spawn Location: 7:00

SGRT

  • Race: Zerg Zerg
  • League: Diamond
  • Spawn Location: 1:00

VOD

Have the link to the VOD?

Description

Time

  • Played on: Aug. 16, 2018, 10:03 a.m.
  • Length: 12:30
Show
View Real Time Build Order
Export as new Build Order

Cheddar Terran - Winner!

Build Orders: MMM Bio 

Get SALT Encoding   

  12  0:01  SCV  
  13  0:13  SCV  
  14  0:17  Supply Depot  
  14  0:26  SCV  
  15  0:39  SCV  
  15  0:41  Barracks  
  16  0:48  Refinery  
  16  0:51  SCV  
  17  1:03  SCV  
  18  1:15  SCV  
  19  1:27  SCV  
  19  1:31  Supply Depot  
  19  1:32  Barracks Reactor  
  20  1:44  Orbital Command  
  20  2:05  Command Center  
  20  2:10  Marine x2  
  20  2:13  SCV  
  23  2:19  Factory  
  23  2:25  SCV  
  23  2:29  Marine x2  
  26  2:38  SCV  
  27  2:50  SCV  
  28  2:52  Marine x2  
  30  3:02  SCV  
  31  3:17  SCV  
  32  3:22  Supply Depot  
  32  3:23  Orbital Command  
  32  3:26  Supply Depot  
  32  3:34  SCV  
  33  3:43  Barracks Tech Lab  
  33  3:46  SCV  
  38  3:48  Widow Mine x2  
  38  3:51  Supply Depot  
  38  3:54  SCV  
  39  3:58  SCV  
  39  4:00  Barracks  
  40  4:06  SCV  
  41  4:10  SCV, Refinery  
  41  4:11  Stimpack  
  41  4:14  Marine  
  43  4:18  SCV  
  43  4:22  Supply Depot  
  43  4:23  SCV  
  45  4:30  SCV  
  46  4:32  Marine  
  46  4:35  SCV  
  46  4:37  Hellion x2  
  51  4:42  SCV  
  52  4:47  SCV  
  52  4:48  Engineering Bay  
  52  4:51  Engineering Bay  
  54  4:53  Barracks Reactor  
  54  4:54  SCV, Marine  
  54  4:59  SCV  
  56  5:03  Starport  
  56  5:06  SCV  
  57  5:11  SCV  
  57  5:12  Marine  
  59  5:18  SCV  
  60  5:23  SCV  
  60  5:27  Factory Tech Lab  
  61  5:36  Supply Depot  
  61  5:38  SCV  
  61  5:39  Command Center, SCV  
  63  5:42  Starport Reactor  
  63  5:46  Terran Infantry Armor Level 1, Terran Infantry Weapons Level 1  
  63  5:50  SCV  
  63  5:51  SCV  
  63  5:55  Barracks x2, Supply Depot  
  65  5:59  Barracks  
  65  6:00  Barracks  
  65  6:06  SCV  
  65  6:07  SCV  
  67  6:12  Marine x2  
  67  6:13  Marine  
  67  6:15  Siege Tank  
  67  6:18  Supply Depot, Combat Shields  
  73  6:19  SCV x2  
  73  6:22  Armory  
  75  6:27  Supply Depot  
  75  6:30  Marine, Refinery x2  
  75  6:31  SCV x2  
  78  6:37  Marine x2  
  80  6:43  SCV x2  
  80  6:44  Supply Depot  
  80  6:45  Barracks Tech Lab, Barracks Reactor  
  80  6:46  Barracks Reactor  
  82  6:48  Marine, Barracks Reactor  
  82  6:50  Supply Depot  
  83  6:54  Marine x2  
  83  6:55  SCV  
  83  6:56  SCV  
  83  6:58  Orbital Command  
  87  7:06  Marine  
  87  7:07  SCV  
  87  7:08  SCV  
  90  7:12  Marine x3  
  93  7:19  Command Center  
  93  7:20  Siege Tank  
  96  7:23  Terran Vehicle Weapons Level 1  
  96  7:24  Marine  
  96  7:29  Factory  
  97  7:33  Barracks, SCV x3  
  97  7:35  Refinery  
  100  7:38  Refinery  
  100  7:44  Concussive Shells  
  100  7:45  SCV x3  
  100  7:46  Terran Infantry Weapons Level 2  
  103  7:51  Marine x2  
  103  7:52  Marine x3  
  103  7:57  SCV x2  
  103  7:58  SCV  
  111  8:06  Supply Depot  
  111  8:07  Supply Depot, Terran Infantry Armor Level 2  
  111  8:09  SCV  
  111  8:10  Medivac  
  114  8:14  Marine  
  114  8:15  Marine x9  
  124  8:22  Medivac  
  126  8:27  Factory Tech Lab  
  126  8:32  Marine  
  126  8:33  Marine  
  128  8:40  SCV, Supply Depot x2  
  128  8:41  SCV x2, Supply Depot  
  108  9:02  Marine  
  103  9:03  Marine x10, Marauder  
  108  9:20  Marine  
  108  9:21  Marine x4, Marauder  
  115  9:25  SCV x3  
  115  9:27  Planetary Fortress, Refinery  
  118  9:37  SCV x2  
  120  9:40  Supply Depot  
  120  9:45  Siege Tank x2  
  126  9:46  Medivac x2  
  126  9:47  Marine x9, Marauder  
  126  9:48  Marine x2  
  126  9:50  Terran Vehicle Weapons Level 2  
  143  10:05  Supply Depot  
  143  10:10  Bunker  
  143  10:12  SCV x4, Refinery x2  
  143  10:13  Marine x12  
  159  10:17  Siege Tank  
  162  10:24  SCV  
  163  10:30  Marine  
  163  10:31  Marine x3  
  162  10:41  Supply Depot  
  146  10:48  Marine, Marauder  
  146  10:49  Marine x9, Marauder  
  144  10:58  Siege Tank  
  144  10:59  Siege Tank  
  146  11:05  Marine  
  146  11:06  Marine  
  146  11:07  Marine x7  
  146  11:08  Medivac x2  
  146  11:10  SCV x2  
  161  11:14  Marine x2  
  161  11:15  Marine  
  164  11:30  Siege Tank  
  164  11:31  Siege Tank  
  156  11:38  Marine  
  156  11:39  Marine x10, Marauder  
  163  11:41  SCV x2  
  165  11:56  Marine  
  165  11:57  Marine x5  
  174  12:14  Missile Turret  
  174  12:17  Missile Turret  
  174  12:18  Missile Turret x2  
Show
View Real Time Build Order
Export as new Build Order

SGRT Zerg 

Build Orders: Hatch First 

Get SALT Encoding   

  12  0:02  Drone  
  13  0:13  Overlord  
  13  0:20  Drone  
  14  0:32  Drone x2  
  16  0:37  Drone  
  17  0:56  Drone  
  18  0:57  Drone  
  19  1:07  Hatchery  
  19  1:09  Extractor  
  17  1:22  Spawning Pool  
  17  1:23  Drone  
  17  1:26  Drone  
  18  1:35  Drone  
  19  1:41  Overlord  
  19  2:09  Zergling x4, Queen  
  19  2:15  Metabolic Boost  
  23  2:18  Queen  
  23  2:21  Drone x2  
  27  2:32  Drone x2  
  29  2:45  Drone x3  
  29  2:51  Overlord  
  32  2:58  Drone  
  33  3:10  Drone x2  
  35  3:16  Queen  
  35  3:19  Queen  
  39  3:24  Evolution Chamber  
  39  3:27  Overlord x3  
  38  3:44  Hatchery  
  38  3:48  Drone x4  
  41  3:52  Zerg Melee Weapons Level 1  
  41  4:02  Zergling x6  
  44  4:03  Zergling x4  
  46  4:22  Overlord  
  46  4:24  Baneling Nest  
  45  4:37  Drone x2  
  47  4:45  Baneling Nest  
  47  4:46  Drone x3  
  49  4:55  Zergling x4  
  49  4:56  Zergling x2  
  52  5:00  Drone x3  
  52  5:05  Extractor  
  52  5:06  Drone x3  
  55  5:17  Lair  
  55  5:18  Roach Warren  
  54  5:22  Extractor  
  54  5:23  Extractor  
  52  5:46  Zerg Missile Weapons Level 1  
  51  5:57  Drone x3  
  51  6:00  Drone x3  
  57  6:10  Queen  
  59  6:21  Roach x3  
  59  6:23  Overlord x2  
  65  6:25  Glial Reconstitution  
  65  6:43  Roach x7  
  65  6:44  Roach  
  81  6:48  Overlord x4  
  81  6:57  Drone  
  82  7:03  Overseer  
  82  7:08  Drone x2  
  84  7:10  Roach x3  
  84  7:11  Roach x3  
  96  7:17  Overlord x3  
  96  7:23  Roach x6  
  96  7:24  Roach x2  
  112  7:35  Overlord x3  
  112  7:44  Roach x3  
  118  7:53  Overlord x3  
  118  7:59  Ravager x9  
  118  8:02  Zergling x4  
  118  8:03  Zergling x12  
  135  8:06  Extractor  
  134  8:14  Zerg Missile Weapons Level 2  
  134  8:19  Zergling x6  
  138  8:20  Zergling x4  
  139  8:35  Roach x4  
  139  8:36  Roach  
  128  8:59  Zergling x2  
  128  9:00  Zergling x20  
  87  9:11  Zergling x2  
  87  9:12  Zergling x4  
  90  9:17  Zergling x2  
  90  9:21  Baneling  
  90  9:22  Baneling x8  
  90  9:23  Baneling x2  
  90  9:24  Zergling x6  
  94  9:30  Hatchery  
  93  9:37  Zergling x6  
  96  9:46  Centrifical Hooks  
  96  9:50  Drone x5  
  101  9:59  Hatchery  
  100  10:01  Drone x3  
  103  10:11  Zergling x4, Evolution Chamber  
  103  10:12  Zergling x10  
  109  10:23  Spire  
  103  10:29  Zergling x2  
  103  10:30  Zergling x12  
  61  10:50  Zergling x6  
  61  10:51  Zergling x12  
  63  11:01  Drone x4  
  64  11:04  Baneling  
  64  11:06  Baneling x3  
  64  11:07  Zergling x6  
  67  11:18  Infestation Pit  
  66  11:30  Zergling x14  
  66  11:31  Zergling x8  
  64  11:37  Queen  
  64  11:43  Mutalisk x7  
  78  11:51  Zergling x4  
  78  11:52  Zergling x8  
  84  11:54  Baneling x2  
  84  11:55  Baneling x4  
  83  12:03  Zergling x4  
  83  12:04  Zergling x4  
Tags
 
Composition
MMM Bio
Matchup
TvZ
Spawn Locations
Cross Positions
Add a new tag
Caveats
  • Supply blocks, unpowered buildings, or Contaminate may cause inaccurate times.
  • Supply counts are checked every 10 seconds.